 Dungeon Sprint DCSS version 0.20-a0-1085-g627af9b (webtiles) character file.

198 Dipster the Fighter (level 5, 0/31 HPs)
             Began as a Felid Wizard on May 1, 2017.
             Was a Believer of Vehumet.
             Slain by a reaper
             ... wielding a +6 scythe of flaming
              (31 damage)
             ... in the Dungeon (Sprint V: "Ziggurat Sprint").
             The game lasted 00:05:54 (566 turns).

Dipster the Fighter (Felid Wizard)                   Turns: 566, Time: 00:05:55

Health: 0/31       AC:  2    Str:  9    XL:     5   Next: 47%
Magic:  15/16      EV: 18    Int: 27    God:    Vehumet [**....]
Gold:   0          SH:  0    Dex: 15    Spells: 14/20 levels left
                                        Lives:  0   Deaths: 1

rFire    . . .     SeeInvis +   (weapon unavailable)
rCold    . . .     Gourm    .   (shield unavailable)
rNeg     . . .     Faith    .   (armour unavailable)
rPois    .         Spirit   .   (helmet unavailable)
rElec    .         Reflect  .   (cloak unavailable)
rCorr    .         Harm     .   (gloves unavailable)
MR       .....     NoTele   +   (boots unavailable)
Stlth    +++.......             I - amulet of rage
Regen    0.1/turn               z - +6 ring of strength
MPRegen  0.2/turn               x - +6 ring of intelligence

@: slightly contaminated, invisible, quick
A: no armour, no weapons or thrown items, stealth, claws 1, fangs 3, see
invisible, carnivore 3, speed 1, shaggy fur 2, slow metabolism 1, sharp paws
a: Renounce Religion, Evoke Berserk Rage


You were in the Dungeon.
You worshipped Vehumet.
Vehumet was pleased with you.
You were not hungry.

You visited 1 branch

Inventory:

Jewellery
 v - a +6 ring of dexterity
 w - a +6 ring of dexterity
 x - a +6 ring of intelligence (right paw)
 y - a +6 ring of intelligence
 z - a +6 ring of strength (left paw)
 A - a +6 ring of strength
 G - the ring of Wexocvan {*Drain rElec rN+ MR+ Dex+2 SInv}
   (You found it in the Dungeon)

   [ring of protection from magic]

   It affects your dexterity (+2).
   It insulates you from electricity.
   It protects you from negative energy.
   It affects your resistance to hostile enchantments.
   It lets you see invisible.
   It causes draining when unequipped.
 H - an uncursed ring of stealth
 I - an amulet of rage (around neck)
 J - the ring "Houmau" {Fire *Drain rPois MR+ Dex+2}
   (You took it off an orc in the Dungeon)

   [ring of fire]

   It enhances your fire magic.
   It affects your dexterity (+2).
   It protects you from fire.
   It makes you vulnerable to cold.
   It protects you from poison.
   It affects your resistance to hostile enchantments.
   It causes draining when unequipped.
Wands
 C - a wand of disintegration (7/24)
 D - a wand of iceblast (5/15)
 E - a wand of lightning (5/15)
 F - a wand of acid (5/15)
Scrolls
 o - 4 scrolls of amnesia
 p - 3 scrolls of recharging
 q - 7 scrolls of fog
 r - a scroll of holy word
 s - 5 scrolls of identify
 t - 5 scrolls of remove curse
 u - 2 scrolls of fear
Potions
 c - 10 potions of curing
 d - 10 potions of heal wounds
 e - 6 potions of haste
 f - 7 potions of magic
 i - 2 potions of brilliance
 j - a potion of invisibility
 k - 4 potions of resistance
 m - 5 potions of agility
 n - 4 potions of might
Books
 a - a book of Minor Magic

   Spells                             Type                      Level
   a - Magic Dart                     Conjuration                  1
   b - Blink                          Translocation                2
   c - Call Imp                       Summoning                    2
   d - Slow                           Hexes                        2
   e - Conjure Flame                  Conjuration/Fire             3
   f - Mephitic Cloud                 Conjuration/Poison/Air       3
Miscellaneous
 B - a lightning rod (4/4)
Comestibles
 b - 5 meat rations


   Skills:
 - Level 9.4 Fighting
 - Level 2.6 Dodging
 + Level 2.6 Stealth
 - Level 8.0 Spellcasting
 - Level 7.4 Conjurations
   Level 1.0 Summonings
 - Level 1.5 Translocations
 + Level 0.0 Evocations


You had 14 spell levels left.
You knew the following spells:

 Your Spells              Type           Power        Failure   Level  Hunger
a - Magic Dart            Conj           ####         1%          1    None
b - Blink                 Tloc           N/A          4%          2    None
c - Mephitic Cloud        Conj/Pois/Air  ###.....     6%          3    None


Dungeon Overview and Level Annotations

Branches:
Dungeon (1/1)

Altars:
Ashenzari
Cheibriados
Dithmenos
Elyvilon
Fedhas
Gozag
Hepliaklqana
Kikubaaqudgha
Makhleb
Nemelex Xobeh
Okawaru
Qazlal
Ru
Sif Muna
Trog
Uskayaw
Vehumet
Wu Jian
Xom
Yredelemnul
Zin
The Shining One
Beogh
Jiyva
Lugonu

Annotations:
D 2 transporters


Innate Abilities, Weirdness & Mutations

You cannot wear armour.
You are incapable of wielding weapons or throwing items.
Your paws allow you to move quietly. (Stealth)
You have sharp claws.
You have razor-sharp teeth.
You have supernaturally acute eyesight. (SInv)
You are carnivorous and can eat meat at any time.
You cover ground quickly.
You are covered in thick fur. (AC +2)
You have a slow metabolism.
Your sharp claws are effective at attacking unaware monsters.


Message History

A reaper is wielding a scythe of protection.
A reaper is wielding a scythe of flaming.
A reaper is wielding a scythe of protection.
Found seven items.
Found a transporter.
Casting: Blink
Confirm with . or Enter, or press ? or * to list all spells.
You can't see any susceptible monsters within range! (Use Z to cast anyway.)
The rust devil screeches!
Casting: Blink
Confirm with . or Enter, or press ? or * to list all spells.
Aiming: Mephitic Cloud
Press: ? - help, Shift-Dir - straight line, f - skeletal warrior
Aim: a skeletal warrior, wielding a hand axe (hasn't noticed you)
Okay, then.
Okay, then.
Blink to where?
Press: ? - help, Dir - move target cursor
As you read the scroll of blinking, it crumbles to dust.
The reaper hits you with a scythe of flaming!!
Ouch! That really hurt!
You die...

▓▓▓▓▓▓▓▓▓▓▓▓▓▓▓▓▓▓▓▓▓▓▓▓
▓....Z8@8.....▓....8©8..
▓..|Wh42242...▓..wHuYum}
▓...[Zz5)2|...▓..GSGuO3u
▓....W..Mz....▓.........
▓.............▓.........
▓.............▓.......§.
▓.....§.......▓.........
▓.............▓..▓..W.W▓
▓..▓.......▓.. ▓.▓...▓.


You could see 3 reapers, 2 skeletal warriors, a flayed ghost (wandering), a hell
hog (wandering), 2 rust devils, a tormentor (wandering), a shadow, a mummy
(wandering), an iron imp (wandering) and 2 adder zombies.

Vanquished Creatures
  A necrophage (D)
  An orc priest (D)
  2 orc wizards (D)
  An iron imp (D)
  An adder zombie (D)
  An orc (D)
  A bat zombie (D)
  A quokka skeleton (D)
9 creatures vanquished.

Vanquished Creatures (others)
  Erolcha (D)
  Joseph (D)
  Edmund (D)
  Dowan (D)
4 creatures vanquished.

Grand Total: 13 creatures vanquished

Notes
Turn   | Place    | Note
-------+----------+-------------------------------------------
     0 | D        | Dipster the Felid Wizard began the quest for the Orb.
     0 | D        | Reached XP level 1. HP: 7/7 MP: 5/5
     0 | D        | Found a deep blue altar of Sif Muna.
     0 | D        | Found a bloodstained altar of Trog.
     0 | D        | Found a sacrificial altar of Ru.
     0 | D        | Found a stormy altar of Qazlal.
     0 | D        | Found an iron altar of Okawaru.
     1 | D        | Found a sparkling altar of Nemelex Xobeh.
     1 | D        | Found a blossoming altar of Fedhas.
     3 | D        | Found an ancient bone altar of Kikubaaqudgha.
     3 | D        | Found a viscous altar of Jiyva.
     3 | D        | Found a corrupted altar of Lugonu.
     3 | D        | Found a hazy altar of Hepliaklqana.
     3 | D        | Found a burning altar of Makhleb.
     3 | D        | Found an opulent altar of Gozag.
     4 | D        | Killed Dowan
     6 | D        | Killed Edmund
    70 | D        | Became a worshipper of Vehumet
    91 | D        | Entered arena 2.
    91 | D        | Noticed an iron imp
   104 | D        | Killed an iron imp
   104 | D        | Reached XP level 2. HP: 6/11 MP: 0/8
   109 | D        | Reached skill level 5 in Spellcasting
   109 | D        | Reached XP level 3. HP: 8/14 MP: 1/10
   135 | D        | Killed Joseph
   155 | D        | Got the ring of Wexocvan {*Drain rElec rN+ MR+ Dex+2 SInv}
   228 | D        | Killed Erolcha
   298 | D        | Learned a level 2 spell: Blink
   302 | D        | Learned a level 3 spell: Mephitic Cloud
   302 | D        | Entered arena 3.
   302 | D        | Noticed a necrophage
   313 | D        | Killed a necrophage
   313 | D        | Reached * piety under Vehumet
   313 | D        | Offered knowledge of Flame Tongue by Vehumet.
   313 | D        | Reached XP level 4. HP: 18/18 MP: 9/13
   315 | D        | Reached ** piety under Vehumet
   351 | D        | Entered arena 4.
   367 | D        | Reached XP level 5. HP: 21/21 MP: 4/15
   513 | D        | Got the ring "Houmau" {Fire *Drain rPois MR+ Dex+2}
   518 | D        | Entered arena 5.
   518 | D        | Noticed a toenail golem
   518 | D        | Noticed a toenail golem
   518 | D        | Noticed a toenail golem
   518 | D        | Noticed a toenail golem
   526 | D        | Reached skill level 9 in Fighting
   526 | D        | Gained mutation: You are covered in thick fur. (AC +2) [Felid growth]
   526 | D        | Reached XP level 6. HP: 28/35 MP: 15/18
   537 | D        | Slain by a toenail golem
   538 | D        | Reached XP level 5. HP: 0/46 MP: 16/16
   540 | D        | Noticed a hell hound
   542 | D        | Noticed a shadow
   542 | D        | Noticed a wraith
   542 | D        | Noticed a shadow
   542 | D        | Noticed a necrophage
   542 | D        | Noticed a phantom
   547 | D        | Noticed a wraith
   547 | D        | Noticed a hellion
   547 | D        | Noticed a rust devil
   553 | D        | Entered arena 16.
   554 | D        | Noticed a swamp worm
   554 | D        | Noticed a hippogriff
   554 | D        | Noticed a green very ugly thing
   554 | D        | Noticed a yak
   554 | D        | Noticed a cyan very ugly thing
   554 | D        | Noticed a merfolk
   554 | D        | Noticed an eye of devastation
   554 | D        | Noticed a glowing orange brain
   554 | D        | Noticed a sea snake
   554 | D        | Noticed a floating eye
   554 | D        | Noticed a purple ugly thing
   554 | D        | Noticed a two-headed ogre
   554 | D        | Noticed a neqoxec
   554 | D        | Noticed a purple very ugly thing
   556 | D        | Entered arena 17.
   562 | D        | Noticed a shadow
   562 | D        | Noticed a skeletal warrior
   562 | D        | Noticed a skeletal warrior
   562 | D        | Noticed a rust devil
   563 | D        | Noticed a flayed ghost
   563 | D        | Noticed a hell hog
   563 | D        | Noticed a reaper
   563 | D        | Noticed a rust devil
   563 | D        | Noticed a reaper
   563 | D        | Noticed a tormentor
   563 | D        | Noticed a reaper
   566 | D        | Slain by a reaper

Vault maps used:
D:        sprint_v

Skill      XL: |  1  2  3  4  5 |
---------------+----------------+-----
Spellcasting   | 4 5 6 7 8 |  8.0
Conjurations   | 3 6 7 |  7.4
Fighting       | 9 |  9.4
Dodging        | |  2.6
Stealth        | |  2.6
Summonings     | |  1.0
Translocations | |  1.5

Action                   |  1- 3 |  4- 6 || total
-------------------------+-------+-------++-------
Melee: Unarmed           |    16 |    35 ||    51
       Bite              |     2 |     3 ||     5
 Cast: Magic Dart        |     7 |     4 ||    11
       Mephitic Cloud    |       |     4 ||     4
       Blink             |       |     1 ||     1
  Use: Potion            |     3 |     7 ||    10
       Scroll            |       |     4 ||     4
 Stab: Confused          |       |     4 ||     4
  Eat: Chunk             |       |     4 ||     4
Armor: Skin              |       |     2 ||     2
Dodge: Dodged            |    40 |    31 ||    71
